 Dungeon Crawl Stone Soup version 0.23.0-28-g6fe0f4d (webtiles) character file.

Game seed: 10580177826736777286

9891 Folque the Geomancer (level 11, -1/79 HPs)
             Began as a Green Draconian Earth Elementalist on Feb 25, 2019.
             Was a Priest of Sif Muna.
             Slain by a komodo dragon (30 damage)
             ... on level 11 of the Dungeon.
             The game lasted 00:42:32 (10382 turns).

Folque the Geomancer (DrEE)                        Turns: 10382, Time: 00:42:33

Health: -1/79      AC: 11    Str: 10 (11) XL:     11   Next: 29%
Magic:  4/23       EV: 12    Int: 17 (19) God:    Sif Muna [***...]
Gold:   562        SH:  0    Dex:  8 (11) Spells: 4/27 levels left

rFire    . . .     SeeInvis .   e - +2 long sword (slice)
rCold    + . .     Gourm    .   (no shield)
rNeg     . . .     Faith    .   (armour unavailable)
rPois    +         Spirit   .   (helmet restricted)
rElec    .         Reflect  .   s - +1 cloak
rCorr    .         Harm     .   C - +0 pair of gloves
MR       .....                  (no boots)
Stlth    +++.......             (no amulet)
HPRegen  0.23/turn              y - ring "Wyf Boza" {rC+ AC+1}
MPRegen  0.18/turn              (no ring)

@: divine energy
A: breathe noxious fumes, unfitting armour, poison resistance, cold-blooded, AC
+7
a: Breathe Noxious Fumes, Stop Divine Energy, Channel Magic, Renounce Religion


You were on level 11 of the Dungeon.
You worshipped Sif Muna.
Sif Muna was most pleased with you.
You were not hungry.

You visited 2 branches of the dungeon, and saw 12 of its levels.
You also visited: Ossuary.

You collected 562 gold pieces.

Inventory:

Hand Weapons
 e - a +2 long sword of slicing (weapon)
 l - a cursed -1 whip
 p - a +4 quarterstaff of chaos
 w - a +0 dagger
Missiles
 b - 244 stones (quivered)
 K - 2 throwing nets
 L - 4 steel tomahawks
Armour
 s - a +1 cloak (worn)
 C - a +0 pair of gloves (worn)
Jewellery
 u - a cursed -3 ring of dexterity {unknown}
 x - an uncursed ring of fire {unknown}
 y - the ring "Wyf Boza" (left hand) {rC+ AC+1}
   (You acquired it on level 10 of the Dungeon)

   [ring of protection]

   It affects your AC (+1).
   It protects you from cold.
 P - an uncursed ring of resist corrosion {unknown}
 Q - a +3 ring of strength
 V - an uncursed amulet of rage {unknown}
Wands
 k - a wand of paralysis (16)
 t - a wand of acid (8)
 z - a wand of clouds (3)
 G - a wand of random effects (32)
 M - a wand of iceblast (7)
 N - a wand of polymorph (13)
 R - a wand of flame (13)
 W - a wand of enslavement (9)
Scrolls
 a - a scroll of enchant armour
 f - 8 scrolls of remove curse
 i - 2 scrolls of magic mapping
 m - 5 scrolls of identify
 n - 2 scrolls of teleportation
 B - a scroll of fog {unknown}
 E - a scroll of fear {unknown}
 F - a scroll of acquirement
 H - a scroll of blinking {unknown}
 I - a scroll of summoning {unknown}
 J - 3 scrolls of amnesia {unknown}
 O - a scroll of silence {unknown}
 U - a scroll of torment {unknown}
Potions
 d - a potion of haste {unknown}
 g - 2 potions of invisibility
 h - 4 potions of degeneration
 j - 2 potions of brilliance
 o - 3 potions of agility {unknown}
 q - 3 potions of flight {unknown}
 r - 7 potions of curing
 v - 7 potions of heal wounds {unknown}
 A - a potion of berserk rage {unknown}
 D - a potion of magic {unknown}
 T - 2 potions of mutation
Miscellaneous
 X - a fan of gales (inert)
Comestibles
 c - 19 rations


   Skills:
 - Level 2.1 Fighting
 - Level 4.8(5.0) Short Blades
 - Level 1.8(3.5) Long Blades
 - Level 3.0 Dodging
 - Level 5.1 Stealth
 * Level 8.5 Spellcasting
 + Level 6.2 Conjurations
 - Level 3.0 Transmutations
 - Level 10.0 Earth Magic
 * Level 6.1 Poison Magic
 * Level 1.5 Invocations


You had 4 spell levels left.
You knew the following spells:

 Your Spells              Type           Power        Failure   Level  Hunger
a - Sandblast             Erth           #####.       1%          1    None
b - Passwall              Tmut/Erth      ####....     1%          2    None
c - Stone Arrow           Conj/Erth      #####.       1%          3    #......
d - Lee's Rapid Deconstr  Erth           #####.....   4%          5    #####..
e - Petrify               Tmut/Erth      ####....     7%          4    ###....
f - Dazzling Spray        Conj/Hex       ###...       9%          3    #......
g - Venom Bolt            Conj/Pois      ####......   22%         5    #####..

Your spell library contained the following spells:

 Spells                   Type           Power        Failure   Level  Hunger
 Sting                    Conj/Pois      ####         1%          1    None
 Poisonous Vapours        Pois/Air       ###...       4%          2    None
 Mephitic Cloud           Conj/Pois/Air  ###.....     5%          3    #......
 Olgreb's Toxic Radiance  Pois           ####....     9%          4    ###....
 Corona                   Hex            #......      10%         1    None
 Ensorcelled Hibernation  Hex/Ice        #.....       16%         2    None
 Confuse                  Hex            #.......     30%         3    #......
 Tukima's Dance           Hex            #.......     30%         3    #......


Dungeon Overview and Level Annotations

Branches:
Dungeon (11/15)            Temple (1/1) D:6
   Lair: D:8-11         Orc: D:9-12

Altars:
Ashenzari
Cheibriados
Dithmenos
Elyvilon
Fedhas
Gozag
Hepliaklqana
Kikubaaqudgha
Makhleb
Nemelex Xobeh
Okawaru
Qazlal
Ru
Sif Muna
Trog
Uskayaw
Vehumet
Wu Jian
Xom
Yredelemnul
Zin
The Shining One

Shops:
D:9 (

Annotations:
D:6 2 runed translucent doors, Curus's ghost, novice MiMo


Innate Abilities, Weirdness & Mutations

You can breathe blasts of noxious fumes.
Your lurid green scales are hard. (AC +7)
You cannot fit into any form of body armour.
Your system is resistant to poisons. (rPois)
You are cold-blooded and may be slowed by cold attacks.


Message History

Confirm with . or Enter, or press ? or * to list all spells.
Aiming: Stone Arrow (safe; 1% risk of failure)
Press: ? - help, Shift-Dir - straight line, f/p - komodo dragon
Aim: a komodo dragon (lightly wounded)
The stone arrow hits the komodo dragon!
The komodo dragon is heavily wounded.
The komodo dragon bites you!
* * * LOW HITPOINT WARNING * * *
You see here a hippogriff corpse.
Casting: Stone Arrow (safe; 1% risk of failure)
Confirm with . or Enter, or press ? or * to list all spells.
Aiming: Stone Arrow (safe; 1% risk of failure)
Press: ? - help, Shift-Dir - straight line, f/p - komodo dragon
Aim: a komodo dragon (heavily wounded)
Okay, then.
Press: ? - help, v - describe, . - travel
Here: a komodo dragon (heavily wounded)
An open door, spattered with blood.
It was a potion of curing.
You feel better. The komodo dragon bites you!!
You die...

.# #.# ###.## ######
#....# #..... ##.<..#
#..... #.....## #.....
##### #......# #.....
#.....###...<..####.....
......†@l...............
#+#######.....#.#######.
#.....#.# #.
....##+##.#######. #####
#..##..... ##.##.....
#..#..... ##.#.....
###.#.....


You could see a komodo dragon.

Vanquished Creatures
  3 two-headed ogres
  Pikel (D:4)
  A manticore (D:11)
  2 hippogriffs
  Sigmund (D:3)
  3 wyverns (D:8)
  A wraith (D:11)
  A spriggan (shapeshifter) (D:8)
  2 hungry ghosts
  A steam dragon (D:11)
  Menkaure (D:4)
  Edmund (D:6)
  A slave (D:3)
  5 orc warriors
  3 ogres
  An ice beast (D:11)
  An eye of draining (D:9)
  2 black bears
  3 phantoms
  A sky beast (D:11)
  3 centaurs
  A crocodile (D:11)
  3 elf zombies (Ossuary)
  3 big kobolds
  3 bullfrogs
  2 wyvern zombies
  An elf skeleton (D:5)
  6 scorpions
  12 killer bees
  3 crimson imps
  2 human zombies
  17 orc wizards
  5 centaur zombies
  8 orc priests
  A hound (D:2)
  3 iguanas
  3 jellies
  Crazy Yiuf (D:3)
  2 gnoll shamans
  A human skeleton (D:5)
  7 worker ants
  A hound zombie (D:11)
  3 mummies
  2 worker ant zombies
  6 adders
  10 gnolls
  A howler monkey skeleton (D:9)
  5 shadow imps
  4 oozes
  3 adder zombies
  An adder skeleton (D:5)
  A worm (D:2)
  2 dart slugs
  6 leopard geckos
  55 orcs
  2 ball pythons
  7 giant cockroaches
  8 goblins
  8 hobgoblins
  7 jackals
  6 quokkas
  5 bats
  11 frilled lizards
  A goblin zombie (Ossuary)
  6 hobgoblin zombies (Ossuary)
  A jackal skeleton (D:4)
  2 jackal zombies (Ossuary)
  9 kobolds
  9 kobold zombies (Ossuary)
  3 orc skeletons (D:5)
  10 orc zombies (Ossuary)
  A quokka skeleton (D:6)
  7 rats
325 creatures vanquished.

Vanquished Creatures (others)
  An orc zombie (Ossuary)
  8 fungi (D:11)
  5 plants (D:11)
14 creatures vanquished.

Grand Total: 339 creatures vanquished

Notes
Turn   | Place    | Note
-------+----------+-------------------------------------------
     0 | D:1      | Folque the Draconian Earth Elementalist began the quest for
                  | the Orb.
     0 | D:1      | Reached XP level 1. HP: 14/14 MP: 3/3
   487 | D:1      | Reached XP level 2. HP: 20/22 MP: 1/5
   506 | D:1      | Reached skill level 1 in Fighting
  1224 | D:1      | Reached XP level 3. HP: 25/28 MP: 6/6
  1228 | D:1      | Learned a level 2 spell: Passwall
  1232 | D:1      | Learned a level 3 spell: Stone Arrow
  1742 | D:2      | Reached XP level 4. HP: 32/36 MP: 4/8
  2153 | D:2      | Reached XP level 5. HP: 29/41 MP: 3/10
  2223 | D:2      | Reached skill level 1 in Conjurations
  2231 | D:2      | Learned a level 5 spell: Lee's Rapid Deconstruction
  2307 | D:2      | Reached skill level 4 in Earth Magic
  2531 | D:3      | Found a runed translucent door.
  2532 | D:3      | Noticed Crazy Yiuf
  2626 | D:3      | Noticed Sigmund
  2788 | D:3      | Killed Sigmund
  2788 | D:3      | Reached XP level 6. HP: 40/48 MP: 4/12
  3129 | D:3      | Found an ornate altar of the Wu Jian Council.
  3130 | D:3      | Found a glowing silver altar of Zin.
  3130 | D:3      | Found a shattered altar of Ashenzari.
  3130 | D:3      | Found an iron altar of Okawaru.
  3130 | D:3      | Found a shimmering altar of Xom.
  3133 | D:3      | Found an ancient bone altar of Kikubaaqudgha.
  3135 | D:3      | Found a white marble altar of Elyvilon.
  3265 | D:3      | Killed Crazy Yiuf
  3333 | D:4      | Noticed Menkaure
  3333 | D:4      | Noticed Pikel
  3333 | D:4      | Noticed a slave
  3333 | D:4      | Noticed a slave
  3335 | D:4      | Noticed a slave
  3335 | D:4      | Noticed a slave
  3343 | D:3      | Killed a slave
  3462 | D:4      | Reached skill level 5 in Earth Magic
  3626 | D:4      | Noticed an orc warrior
  3874 | D:4      | Killed Pikel
  3874 | D:4      | Reached skill level 5 in Spellcasting
  3874 | D:4      | Reached skill level 6 in Earth Magic
  3874 | D:4      | Your scales start taking on a lurid green colour.
  3874 | D:4      | Reached XP level 7. HP: 32/55 MP: 0/15
  3874 | D:4      | Gained mutation: Your system is resistant to poisons.
                  | (rPois) [Green Draconian growth]
  3880 | D:4      | Learned a level 4 spell: Petrify
  3904 | D:4      | Reached skill level 7 in Earth Magic
  3975 | D:4      | Found a shadowy altar of Dithmenos.
  3977 | D:4      | Reached XP level 8. HP: 45/61 MP: 3/16
  3978 | D:4      | Killed Menkaure
  3987 | D:4      | Learned a level 3 spell: Dazzling Spray
  4000 | D:4      | You fall through a shaft for 3 floors!
  4244 | D:7      | Reached skill level 8 in Earth Magic
  4540 | D:7      | Found a bloodstained altar of Trog.
  4618 | D:5      | Entered Level 5 of the Dungeon
  4851 | D:5      | Found a sand-covered staircase.
  4856 | Ossuary  | Entered an ossuary
  4981 | Ossuary  | Reached XP level 9. HP: 45/67 MP: 11/18
  6381 | D:6      | Noticed Edmund
  6401 | D:6      | Killed Edmund
  6401 | D:6      | Reached skill level 1 in Short Blades
  6441 | D:6      | Reached skill level 5 in Conjurations
  6476 | D:6      | Found a snail-covered altar of Cheibriados.
  6591 | D:6      | Found a staircase to the Ecumenical Temple.
  6599 | Temple   | Entered the Ecumenical Temple
  6819 | Temple   | Became a worshipper of Sif Muna the Loreminder
  6972 | D:6      | Found a glowing golden altar of the Shining One.
  7012 | D:6      | Found a runed translucent door.
  7017 | D:6      | Noticed Curus's ghost (novice MiMo)
  7034 | D:6      | Found a runed translucent door.
  7226 | D:8      | Reached skill level 9 in Earth Magic
  7525 | D:8      | Reached skill level 5 in Stealth
  7823 | D:8      | Reached XP level 10. HP: 60/73 MP: 17/19
  8039 | D:9      | Reached * piety under Sif Muna
  8045 | D:9      | Noticed a two-headed ogre
  8121 | D:9      | Found Loaplus's Weapon Boutique.
  8217 | D:8      | Killed a two-headed ogre
  8217 | D:8      | Reached skill level 10 in Earth Magic
  8225 | D:8      | Learned a level 5 spell: Venom Bolt
  8371 | D:9      | Reached skill level 1 in Poison Magic
  8469 | D:9      | Reached ** piety under Sif Muna
  8523 | D:9      | Noticed a two-headed ogre
  8537 | D:9      | Killed a two-headed ogre
  9086 | D:10     | Entered Level 10 of the Dungeon
  9469 | D:10     | Identified 2 scrolls of acquirement
  9470 | D:10     | Got a wavering marble ring
  9471 | D:10     | Identified the ring "Wyf Boza" {rC+ AC+1} (You acquired it
                  | on level 10 of the Dungeon)
  9709 | D:10     | Reached skill level 5 in Poison Magic
  9822 | D:11     | Reached XP level 11. HP: 79/79 MP: 16/23
  9823 | D:11     | Noticed a two-headed ogre
  9838 | D:11     | Killed a two-headed ogre
  9838 | D:11     | Reached *** piety under Sif Muna
  9838 | D:11     | Reached skill level 1 in Long Blades
  9934 | D:11     | Found a bloodstained altar of Trog.
 10374 | D:11     | Reached skill level 1 in Invocations
 10382 | D:11     | Slain by a komodo dragon

Skill      XL: |  1  2  3  4  5  6  7  8  9 10 11 |
---------------+----------------------------------+-----
Fighting       | 1 2 |  2.1
Spellcasting   | 3 4 5 6 8 |  8.5
Conjurations   | 1 3 5 6 |  6.2
Earth Magic    | 4 6 7 8 9 10 | 10.0
Dodging        | 2 3 |  3.0
Transmutations | 3 |  3.0
Stealth        | 5 |  5.1
Short Blades   | 3 4 |  4.8
Poison Magic   | 5 6 |  6.1
Long Blades    | 1 |  1.8
Invocations    | 1 |  1.5

Action                   |  1- 3 |  4- 6 |  7- 9 | 10-12 || total
-------------------------+-------+-------+-------+-------++-------
Melee: Unarmed           |    14 |       |       |       ||    14
       Dagger            |   135 |   137 |    74 |    23 ||   369
       Tailslap          |    12 |    20 |    29 |    16 ||    77
       Quarterstaff      |       |    25 |   232 |    63 ||   320
       Long sword        |       |       |       |    69 ||    69
 Cast: Sandblast         |    14 |    26 |    42 |    20 ||   102
       Stone Arrow       |     3 |    18 |    32 |    49 ||   102
       Passwall          |       |     1 |       |       ||     1
       Lee's Rapid Decon |       |       |    12 |    16 ||    28
       Petrify           |       |       |     7 |    10 ||    17
Invok: Divine Energy     |       |       |       |     1 ||     1
 Abil: Breathe Noxious F |       |       |     1 |     1 ||     2
Evoke: Fan of gales      |       |       |       |     1 ||     1
  Use: Scroll            |     2 |     2 |       |     7 ||    11
       Potion            |       |       |     1 |     2 ||     3
 Stab: Sleeping          |     3 |     6 |     2 |     6 ||    17
       Confused          |       |       |     1 |       ||     1
       Petrified         |       |       |    38 |    17 ||    55
       Distracted        |       |       |     1 |       ||     1
       Petrifying        |       |       |     1 |     1 ||     2
  Eat: Chunk             |     3 |     8 |    16 |    13 ||    40
       Ration            |       |       |     1 |     1 ||     2
Armor: Skin              |    50 |    43 |    90 |    83 ||   266
Dodge: Dodged            |   115 |    95 |   181 |   143 ||   534
       Rpst.: Long sword |       |       |       |    19 ||    19
